 Dungeon Crawl Stone Soup version 0.31-a0-263-ge8cad7f256 (webtiles) character file.

Game seed: 9164549495493019218

10968 Vomitron the Carver (level 11, 0/101 HPs)
             Began as a Hill Orc Monk on July 13, 2023.
             Was an Elder of Makhleb.
             Slain by an ice devil (19 damage)
             ... in an ice cave.
             The game lasted 00:19:48 (11839 turns).

Vomitron the Carver (Hill Orc Monk)                Turns: 11839, Time: 00:19:48

Health: 0/101      AC: 14    Str: 19    XL:     11   Next: 70%
Magic:  18/18      EV: 12    Int: 10    God:    Makhleb [****..]
Gold:   283        SH:  0    Dex: 13    Spells: 10/10 levels left

rFire   . . .        C - +3 scimitar (flame)
rCold   . . .        d - orb {light}
rNeg    . . .        A - +2 scale mail {rPois}
rPois   +            (no helmet)
rElec   .            B - +1 cloak
rCorr   .            (no gloves)
SInv    .            o - +0 pair of boots
Will    .....        (no amulet) Stlth
                     (no ring)
HPRegen 0.36/turn    (no ring)
MPRegen 0.16/turn

%: no passive effects
@: glowing
A: no striking features
a: Renounce Religion, Minor Destruction, Lesser Servant of Makhleb, Major
Destruction


You were in an ice cave.
You worshipped Makhleb.
Makhleb was greatly pleased with you.
You visited 1 branch of the dungeon, and saw 11 of its levels.
You also visited: Ossuary and Ice Cave.

You collected 548 gold pieces.
You spent 265 gold pieces at shops.

Inventory:

Hand Weapons
 a - a +0 falchion of flaming
 g - a +0 long sword
 h - a +0 whip of flaming
 C - a +3 scimitar of flaming (weapon)
Missiles
 t - 16 poisoned darts
Armour
 d - an orb of light (worn)
 n - a +0 plate armour
 o - a +0 pair of boots (worn)
 A - a +2 scale mail of poison resistance (worn)
 B - a +1 cloak (worn)
Jewellery
 m - a ring of wizardry
 y - a ring of magical power
Wands
 l - a wand of polymorph (8)
 G - a wand of iceblast (3)
Scrolls
 b - a scroll of silence
 i - a scroll of poison
 q - a scroll of enchant weapon
 r - a scroll of vulnerability
 s - 2 scrolls of enchant armour
 v - 5 scrolls of teleportation
 D - a scroll of fear
 E - a scroll of amnesia
Potions
 c - 2 potions of ambrosia
 e - 6 potions of curing
 f - 2 potions of heal wounds
 j - 3 potions of brilliance
 k - 3 potions of lignification
 p - 2 potions of magic
 u - 2 potions of haste
 w - 3 potions of cancellation
 z - 3 potions of mutation
 F - a potion of resistance


   Skills:
 + Level 10.5 Fighting
 + Level 11.4 Long Blades
 + Level 9.0 Armour
 + Level 5.6 Dodging
 + Level 10.3 Invocations


You had 10 spell levels left.
You didn't know any spells.
Your spell library contained the following spells:

 Spells                   Type           Power      Damage    Failure   Level
 Shock                    Conj/Air       0%         1d3       67%         1
 Scorch                   Fire           0%         2d5       82%         2
 Gell's Gravitas          Tloc           0%         N/A       96%         3
 Swiftness                Air            0%         N/A       96%         3
 Teleport Other           Tloc           0%         N/A       96%         3
 Airstrike                Air            0%         2d(0-16)  100%        4
 Flame Wave               Conj/Fire      0%         2d4       100%        4
 Passage of Golubria      Tloc           0%         N/A       100%        4
 Silence                  Hex/Air        0%         N/A       100%        5
 Dispersal                Tloc           0%         N/A       100%        6
 Summon Cactus Giant      Summ           0%         N/A       100%        6
 Lehudib's Crystal Spear  Conj/Erth      0%         10d2      100%        8


Dungeon Overview and Level Annotations

Branches:
Dungeon (11/15)            Temple (0/1) D:4         Ossuary (visited)
  IceCv (1/1)
   Lair: D:8-11         Orc: D:9-12

Altars:
Cheibriados
Dithmenos
Elyvilon
Kikubaaqudgha
Makhleb
Nemelex Xobeh
Okawaru
Ru
Sif Muna
Trog
Uskayaw
Vehumet
Wu Jian
Yredelemnul
The Shining One

Shops:
D:5 ?   D:8 [   D:10 !

Annotations:
IceCv exclusion: 2 ice statues


Message History

Unknown command.
An ice devil and a spriggan simulacrum come into view. 2 ice statues and an ice devil come into view.
Found a scroll of identify and a scroll of teleportation.
The ice statue gestures at you. The shard of ice hits you!!
* * * LOW HITPOINT WARNING * * *
Marking area around 2 ice statues as unsafe for travelling.
Aiming: Minor Destruction (0% risk of failure)
Press: ? - help, Shift-Dir - straight line, f - spriggan simulacrum
Aim: a spriggan simulacrum The glob of acid misses the spriggan simulacrum.
Your orange demon stings the ice devil.
Your orange demon hits the ice devil.
Unknown command.
Unknown command.
Aiming: Minor Destruction (0% risk of failure)
Press: ? - help, Shift-Dir - straight line, f/p - spriggan simulacrum
Aim: a spriggan simulacrum (haloed)
The spriggan simulacrum is unaffected.
Your orange demon stings the ice devil!
Your orange demon barely misses the ice devil.
Unknown command.
Unknown command.
You slash the spriggan simulacrum!
You melt the spriggan simulacrum.
The spriggan simulacrum is almost destroyed.
Your orange demon closely misses the ice devil.
The spriggan simulacrum misses you.
Unknown command.
You barely miss the spriggan simulacrum.
The spriggan simulacrum is almost destroyed.
The ice devil hits you!
* * * LOW HITPOINT WARNING * * *
The ice devil freezes you!
* * * LOW HITPOINT WARNING * * *
Your orange demon stings the ice devil but does no damage.
You feel much better.
The spriggan simulacrum barely misses you.
The ice devil hits you!
* * * LOW HITPOINT WARNING * * *
The ice devil freezes you!!
You die...

#...∩...#
##.....## ##...##
#...## ##...#
##...# #...##
##...##
##8#...@.#8##
#.....4Z4...#
....4........#
#.............#
#...............#
#...............#
#.......⌠.......#
..............#
..............#


You could see 2 ice devils, a spriggan simulacrum and a friendly orange demon
(summoned).

Vanquished Creatures
  2 two-headed ogres
  Maggie (D:8)
  2 ice devils (IceCv)
  A troll (D:9)
  3 wyverns
  14 yaks
  A wraith (D:11)
  Menkaure (D:5)
  2 acid dragons
  3 water moccasins
  Duvessa (D:6)
  An ice beast (D:6)
  A sky beast (D:7)
  4 orc warriors
  A black bear (D:11)
  2 ogres (D:6)
  A centaur (D:9)
  3 phantoms
  2 gnoll sergeants
  3 bullfrogs
  3 scorpions
  9 killer bees
  6 howler monkeys
  2 jellies
  A centaur zombie (Ossuary)
  3 hounds
  4 human zombies (Ossuary)
  9 orc priests
  2 gnoll boudas
  6 iguanas
  A sleepcap (D:7)
  10 orc wizards
  3 mummies (Ossuary)
  14 gnolls
  A naga simulacrum (IceCv)
  10 adders
  2 shadow imps
  4 white imps
  An ufetubus (IceCv)
  2 worms (D:2)
  A dart slug (D:1)
  35 orcs
  2 ball pythons
  A bat zombie (D:4)
  3 endoplasms
  5 giant cockroaches
  4 hobgoblins
  4 jackals
  6 quokkas
  4 bats
  3 frilled lizards
  A gnoll zombie (Ossuary)
  4 goblins
  2 goblin zombies
  6 kobolds
  An orc zombie (Ossuary)
  A rat (D:3)
  4 rat zombies (D:4)
229 creatures vanquished.

Vanquished Creatures (collateral kills)
  Erica (D:8)
  Pikel (D:6)
  Grinder (D:6)
  3 yaks (D:9)
  A lemure (D:6)
  Dowan (D:6)
  An elephant simulacrum (IceCv)
  An orc priest (D:9)
  A gnoll bouda (D:6)
  3 gnolls (D:6)
  2 orcs
16 creatures vanquished.

Grand Total: 245 creatures vanquished

Notes
Turn   | Place    | Note
-------+----------+-------------------------------------------
     0 | D:1      | Vomitron the Hill Orc Monk began the quest for the Orb.
     0 | D:1      | Reached XP level 1. HP: 19/19 MP: 1/1
   128 | D:1      | Reached XP level 2. HP: 27/27 MP: 2/2
   411 | D:1      | Reached skill level 1 in Armour
   515 | D:1      | Reached skill level 4 in Long Blades
   515 | D:1      | Reached XP level 3. HP: 16/33 MP: 3/3
   958 | D:2      | Reached XP level 4. HP: 37/40 MP: 4/4
  1367 | D:3      | Found an iron altar of Okawaru.
  1704 | D:3      | Found a burning altar of Makhleb.
  1783 | D:4      | Found a sparkling altar of Nemelex Xobeh.
  1888 | D:3      | Became a worshipper of Makhleb the Destroyer
  1888 | D:3      | Reached * piety under Makhleb
  1888 | D:3      | Reached ** piety under Makhleb
  1941 | D:4      | Reached XP level 5. HP: 36/47 MP: 5/5
  1952 | D:4      | Reached skill level 5 in Long Blades
  1952 | D:4      | Reached skill level 1 in Invocations
  2115 | D:4      | Reached XP level 6. HP: 52/55 MP: 7/7
  2136 | D:4      | Found a sand-covered staircase.
  2148 | Ossuary  | Entered an ossuary
  2167 | Ossuary  | Reached skill level 5 in Fighting
  2526 | Ossuary  | Reached skill level 6 in Long Blades
  2642 | D:4      | Reached XP level 7. HP: 58/61 MP: 9/9
  2815 | D:4      | Found a staircase to the Ecumenical Temple.
  2940 | D:4      | Found an ancient bone altar of Kikubaaqudgha.
  3401 | D:5      | Entered Level 5 of the Dungeon
  3484 | D:5      | Noticed Menkaure
  3495 | D:5      | Killed Menkaure
  3776 | D:5      | Found a hide-covered altar of Uskayaw.
  3799 | D:5      | Reached skill level 7 in Long Blades
  3801 | D:5      | Reached *** piety under Makhleb
  3805 | D:5      | Reached XP level 8. HP: 65/70 MP: 11/11
  3868 | D:5      | You fall into a shaft and drop 1 floor!
  3902 | D:6      | Found a snail-covered altar of Cheibriados.
  3988 | D:6      | Noticed Pikel
  4000 | D:6      | Killed Pikel
  4001 | D:6      | Reached skill level 8 in Long Blades
  4001 | D:6      | Reached skill level 5 in Armour
  4001 | D:6      | Reached skill level 5 in Invocations
  4033 | D:6      | Noticed Grinder
  4043 | D:6      | Killed Grinder
  4084 | D:6      | Noticed Duvessa
  4084 | D:6      | Noticed Dowan
  4090 | D:6      | Killed Dowan
  4107 | D:6      | Killed Duvessa
  4108 | D:6      | Reached XP level 9. HP: 38/79 MP: 13/13
  4458 | D:6      | Reached skill level 9 in Long Blades
  4560 | D:6      | Found a glowing golden altar of the Shining One.
  4995 | D:6      | Found a white marble altar of Elyvilon.
  5096 | D:5      | Found a sacrificial altar of Ru.
  5278 | D:5      | Found Ipnuf's Magic Scroll Shoppe.
  5284 | D:5      | Bought a scroll of teleportation for 33 gold pieces
  5284 | D:5      | Bought a scroll of teleportation for 33 gold pieces
  5415 | D:5      | Found a bloodstained altar of Trog.
  6156 | D:7      | Found a radiant altar of Vehumet.
  6181 | D:7      | Found a shimmering blue altar of Sif Muna.
  6515 | D:7      | Reached **** piety under Makhleb
  6852 | D:7      | Reached XP level 10. HP: 42/89 MP: 15/15
  7381 | D:8      | Reached skill level 10 in Long Blades
  7487 | D:8      | Noticed Maggie
  7503 | D:8      | Killed Maggie
  7883 | D:8      | Found Kiwi's Armour Boutique.
  7892 | D:8      | Bought a +1 cloak for 149 gold pieces
  7914 | D:8      | Noticed Erica
  7929 | D:8      | Killed Erica
  8488 | D:8      | Found an ornate altar of the Wu Jian Council.
  9161 | D:9      | Reached XP level 11. HP: 88/97 MP: 17/17
  9253 | D:9      | Noticed a two-headed ogre
  9259 | D:9      | Killed a two-headed ogre
  9826 | D:9      | Found a shadowy altar of Dithmenos.
  9962 | D:9      | Found a basalt altar of Yredelemnul.
 10613 | D:10     | Entered Level 10 of the Dungeon
 10633 | D:10     | Reached skill level 5 in Dodging
 10639 | D:10     | Reached skill level 11 in Long Blades
 10648 | D:10     | Reached skill level 10 in Fighting
 10728 | D:10     | Noticed a two-headed ogre
 10965 | D:10     | Found Gufruer's Distillery.
 10972 | D:10     | Bought a potion of heal wounds for 50 gold pieces
 11113 | D:10     | Killed a two-headed ogre
 11240 | D:10     | Found a transporter.
 11328 | D:10     | Identified the +5 dagger of Doelis Rasi {heavy, rF+}
 11335 | D:10     | Found a transporter.
 11350 | D:10     | Found a transporter.
 11393 | D:10     | Reached skill level 10 in Invocations
 11444 | D:10     | Found a transporter.
 11754 | D:11     | Found a frozen archway.
 11795 | IceCv    | Entered an ice cave
 11838 | IceCv    | HP: 5/101 [ice devil (14)]
 11839 | IceCv    | Slain by an ice devil

Illustrated notes

Levels and vault maps discovered:
D:1:      dpeg_arrival_ternary, layout_loops_ring, minmay_hexomino_c4
D:2:      layout_basic
D:3:      layout_rooms, mainiacjoe_overflow_tiny_flanked, lightli_temple_of_fire
D:4:      layout_loops_ring, lemuel_zombie_altar_kikubaaqudgha,
          nemelex_xobeh_ov_fountains_minmay, minmay_temple_entry_from_below_a,
          enter_ossuary_4, kennysheep_generic_room_9
D:5:      layout_loops_ring, kennysheep_mini_moat, general_overflow_altar,
          nicolae_uskayaw_dance_hall, serial_shops, nicolae_shop_crystal,
          minmay_increasing_density, uniq_menkaure
D:6:      layout_loops_ring, mainiacjoe_overflow_alcove_4,
          mainiacjoe_overflow_catwalk,
          mainiacjoe_overflow_concentric_impassable, uniq_duvessa, uniq_pikel,
          uniq_grinder
D:7:      layout_cave_pods, nicolae_vehumet_altar_sigil,
          mainiacjoe_overflow_24_doors, minmay_misc_feat_hallway
D:8:      layout_loops_ring, nicolae_wu_jian_glorious_leap, serial_shops,
          nicolae_stop_n_shop_2, uniq_erica, uniq_maggie
D:9:      layout_layer_cave, nicolae_dithmenos_shadow_blocks,
          mainiacjoe_overflow_boulevard
D:10:     layout_rooms, serial_shops, nicolae_shop_stone,
          nicolae_transporter_intersection
D:11:     layout_roguey, grunt_lair_entry_orc_guard_hut,
          portal_ice_cave_entry_pillars_2
IceCv:    ice_cave_tombish

Skill      XL: |  1  2  3  4  5  6  7  8  9 10 11 |
---------------+----------------------------------+-----
Armour         | 1 2 3 4 5 6 8 9 |  9.0
Fighting       | 4 5 6 7 8 9 10 | 10.5
Long Blades    | 4 5 6 7 8 9 10 11 | 11.4
Invocations    | 1 3 4 5 7 9 10 | 10.3
Dodging        | 3 4 5 |  5.6

Action                     |  1- 3 |  4- 6 |  7- 9 | 10-12 || total
---------------------------+-------+-------+-------+-------++-------
  Melee: Falchion          |    81 |   181 |   303 |    48 ||   613
         Scimitar          |       |       |       |   242 ||   242
 Invoke: Minor Destruction |       |       |    82 |    49 ||   131
         Lesser Servant of |       |       |     1 |     4 ||     5
         Major Destruction |       |       |       |     1 ||     1
    Use: Scroll            |       |       |    14 |     6 ||    20
         Potion            |       |       |     1 |     3 ||     4
 Armour: Ring mail         |    16 |    46 |     8 |       ||    70
         Robe              |     3 |       |       |       ||     3
         Scale mail        |       |       |   100 |   117 ||   217
  Dodge: Dodged            |    44 |   100 |   129 |   157 ||   430

Table legend: (Time is in decaauts)
 A = Elapsed time spent in this place.
 B = Non-inter-level travel time spent in this place.
 C = Inter-level travel time spent in this place.
 D = Time resting spent in this place.
 E = Time spent auto-exploring this place.
 F = Levels seen in this place.
 G = Mean time per level.
                   A        B        C        D        E       F      G
               +--------+--------+--------+--------+--------+-----+--------+
         Total |  11771 |  11332 |    439 |   1971 |   7302 |  13 |  905.5 |
       Dungeon |  11250 |  10811 |    439 |   1753 |   7253 |  11 | 1022.7 |
       Ossuary |    479 |    479 |      0 |    218 |     49 |   1 |  479.0 |
      Ice Cave |     41 |     41 |      0 |      0 |      0 |   1 |   41.0 |
               +--------+--------+--------+--------+--------+-----+--------+

Top non-repeatable levels by time:
     D:9: 1987 daAuts
     D:7: 1387 daAuts
     D:8: 1374 daAuts
     D:5: 1262 daAuts
     D:6: 1215 daAuts
     D:4: 1099 daAuts
     D:1: 830 daAuts
    D:10: 720 daAuts
     D:2: 542 daAuts
     D:3: 514 daAuts
 Ossuary: 479 daAuts
    D:11: 314 daAuts
   IceCv: 41 daAuts
